 Dungeon Crawl Stone Soup version 0.20-a0-259-gc929cd2 (webtiles) character file.

76 ExecutiveFodder the Conjurer (level 3, -11/26 HPs)
             Began as a Demigod Conjurer on Dec 3, 2016.
             Mangled by Darkfold's ghost (14 damage)
             ... on level 3 of the Dungeon.
             The game lasted 00:16:32 (1605 turns).

ExecutiveFodder the Conjurer (Demigod Conjurer)     Turns: 1605, Time: 00:16:33

Health: -11/26     AC:  3    Str: 11    XL:     3   Next: 89%
Magic:  2/8        EV: 12    Int: 21    God:
Gold:   72         SH:  0    Dex: 16    Spells: 3/6 levels left

rFire  . . .     SeeInvis .     u - +0 mace
rCold  . . .     Gourm    .     a - +0 robe
rNeg   . . .     Faith    .     (no shield)
rPois  .         Spirit   .     (no helmet)
rElec  .         Reflect  .     (no cloak)
rCorr  .         Harm     .     (no gloves)
MR     .....                    q - +0 pair of boots
Stlth  ++........               (no amulet)
                                (no ring)
                                (no ring)

@: lethally poisoned (-11 -> -13)
A: high mp 1
a: no special abilities


You were on level 3 of the Dungeon.
You were hungry.

You visited 1 branch of the dungeon, and saw 3 of its levels.

You collected 72 gold pieces.

Inventory:

Hand Weapons
 o - a +0 hunting sling
 p - a +0 dagger
 u - a +0 mace (weapon)
Missiles
 f - 20 poisoned needles
 j - 41 stones (quivered)
 k - 25 arrows
Armour
 a - a +0 robe (worn)
 q - a +0 pair of boots (worn)
Scrolls
 d - 3 scrolls of identify {unknown}
 m - 2 scrolls of fog {unknown}
 r - a scroll of teleportation {unknown}
 s - a scroll of recharging {unknown}
Potions
 e - a potion of might {unknown}
 g - 2 potions of curing {unknown}
 h - a potion of degeneration {unknown}
 l - a potion of haste {unknown}
 t - a potion of mutation {unknown}
Books
 b - a book of Conjurations

   Spells                             Type                      Level
   a - Magic Dart                     Conjuration                  1
   b - Searing Ray                    Conjuration                  2
   c - Dazzling Spray                 Conjuration/Hexes            3
   d - Fulminant Prism                Conjuration/Hexes            4
   e - Iskenderun's Mystic Blast      Conjuration                  4
   f - Iskenderun's Battlesphere      Conjuration/Charms           5
Comestibles
 c - 2 bread rations
 i - a chunk of flesh
 n - a meat ration


   Skills:
 + Level 0.1 Fighting
   Level 0.5 Axes
 + Level 1.9 Dodging
 - Level 2.0 Stealth
 + Level 2.1 Spellcasting
 * Level 4.6 Conjurations


You had 3 spell levels left.
You knew the following spells:

 Your Spells              Type           Power        Failure   Level  Hunger
a - Magic Dart            Conj           ###.         1%          1    #......
b - Searing Ray           Conj           ###...       3%          2    ##.....


Dungeon Overview and Level Annotations

Branches:
Dungeon (3/15)

Shops:
D:3 *

Annotations:
D:3 Darkfold's ghost, amateur FoAK


Innate Abilities, Weirdness & Mutations

You have an increased reservoir of magic. (+10% MP)


Message History

You hit the giant cockroach but do no damage.
The giant cockroach is moderately wounded.
The giant cockroach waves its antennae.
The giant cockroach bites you but does no damage.
The giant cockroach completely misses you.
Darkfold's ghost hits you.
You completely miss the giant cockroach.
The giant cockroach is moderately wounded.
You feel sick.
The giant cockroach bites you but does no damage.
Darkfold's ghost closely misses you. The giant cockroach barely misses you.
You barely miss the giant cockroach.
The giant cockroach is moderately wounded.
Darkfold's ghost hits you!
* * * LOW HITPOINT WARNING * * *
The giant cockroach bites you.
* * * LOW HITPOINT WARNING * * *
Darkfold's ghost hits you!
Ouch! That really hurt!
You die...

#.
#..##..............
.........#.##..##.###
.###........<..## #
#.###.#.##...#
..........##.#
#.###......#.#
.......∩....#
.##.........#
##..s@W.#.#
#..#_#.....#
#.##⌠##....# ...
###.....# ... .....#
.... ..##W.# .## ..#
##


You could see Darkfold's ghost and a giant cockroach.

Vanquished Creatures
  2 adders
  An ooze (D:2)
  2 dart slugs
  A leopard gecko (D:2)
  4 bats
  2 giant cockroaches (D:2)
  8 goblins
  6 hobgoblins
  4 jackals (D:2)
  4 kobolds
  2 frilled lizards
  11 rats
47 creatures vanquished.

Notes
Turn   | Place    | Note
-------+----------+-------------------------------------------
     0 | D:1      | ExecutiveFodder the Demigod Conjurer began the quest for the Orb.
     0 | D:1      | Reached XP level 1. HP: 14/14 MP: 5/5
   209 | D:1      | Reached skill level 4 in Conjurations
   209 | D:1      | Reached XP level 2. HP: 14/20 MP: 0/7
   296 | D:1      | Found a sparkling altar of Nemelex Xobeh.
   757 | D:2      | Learned a level 2 spell: Searing Ray
   934 | D:2      | Reached XP level 3. HP: 22/26 MP: 3/8
  1564 | D:3      | Found Zin's Purification Station.
  1574 | D:3      | Found a glowing silver altar of Zin.
  1596 | D:3      | Noticed Darkfold's ghost (amateur FoAK)
  1605 | D:3      | Mangled by Darkfold's ghost

Vault maps used:
D:1:      dpeg_arrival_houses_and_road, nemelex_diamond_rough_becter
D:2:      first_bread, minmay_pentomino_r2
D:3:      zin_purify, lemuel_doored_altar, nicolae_overflow_crystal_walls,
          uniq_iyjb

Skill      XL: |  1  2  3 |
---------------+----------+-----
Conjurations   | 4 |  4.6
Stealth        | 2 |  2.0
Spellcasting   | 2 |  2.1
Fighting       | |  0.1
Axes           | |  0.5
Dodging        | |  1.9

Action                   || total
-------------------------++-------
Melee: Unarmed           ||    13
       Hand axe          ||    41
       Mace              ||     7
 Cast: Magic Dart        ||    48
       Searing Ray       ||    17
  Eat: Chunk             ||     3
Armor: Robe              ||    14
Dodge: Dodged            ||    68
